 Dungeon Crawl Stone Soup version 0.22.1-1-ga44c0e5 (webtiles) character file.

230 Folque the Vandal (level 6, -9/41 HPs)
             Began as a Halfling Hunter on Sept 22, 2018.
             Mangled by Menkaure (11 damage)
             ... on level 4 of the Dungeon.
             The game lasted 00:12:00 (2947 turns).

Folque the Vandal (Halfling Hunter)                 Turns: 2947, Time: 00:12:01

Health: -9/41      AC:  5    Str: 11 (13) XL:     6   Next: 24%
Magic:  6/6        EV: 14    Int: 13 (14) God:
Gold:   182        SH:  0    Dex: 14 (17) Spells: 5/5 levels left

rFire    . . .     SeeInvis .   r - +2 spear (flame)
rCold    + . .     Gourm    .   (shield restricted)
rNeg     . . .     Faith    .   c - +0 leather armour
rPois    .         Spirit   .   (no helmet)
rElec    .         Reflect  .   (no cloak)
rCorr    .         Harm     .   v - +1 pair of gloves
MR       .....                  (no boots)
Stlth    +++.......             (no amulet)
HPRegen  0.13/turn              h - ring of protection from cold
MPRegen  0.10/turn              (no ring)

@: brilliant
A: small, mutation resistance 1
a: no special abilities


You were on level 4 of the Dungeon.
You were hungry.

You visited 2 branches of the dungeon, and saw 5 of its levels.

You collected 182 gold pieces.

Inventory:

Hand Weapons
 a - a +2 hunting sling
 b - a +0 short sword
 r - a +2 spear of flaming (weapon)
 u - a +0 hunting sling
Missiles
 d - 15 sling bullets
 k - 72 stones (quivered)
 m - 43 poisoned needles
 q - 7 needles of paralysis
Armour
 c - a +0 leather armour (worn)
 v - a +1 pair of gloves (worn)
Jewellery
 h - a ring of protection from cold (left hand)
Wands
 x - a wand of paralysis (7)
Scrolls
 e - 2 scrolls of teleportation
 j - a scroll of fear
 l - 5 scrolls of remove curse
 o - a scroll of immolation
 s - 4 scrolls of identify
 t - a scroll of enchant armour
Potions
 g - a potion of ambrosia
 n - a potion of brilliance
Comestibles
 f - 8 rations
 i - 3 chunks of flesh


   Skills:
 + Level 2.4 Fighting
 - Level 1.4 Short Blades
 * Level 6.9(7.2) Slings
 - Level 1.7(3.5) Throwing
 - Level 2.1 Dodging
 * Level 4.7 Stealth


You had 5 spell levels left.
You didn't know any spells.
Your spell library was empty.

Dungeon Overview and Level Annotations

Branches:
Dungeon (4/15)             Temple (1/1) D:4

Altars:
Ashenzari
Cheibriados
Dithmenos
Elyvilon
Kikubaaqudgha
Makhleb
Nemelex Xobeh
Okawaru
Qazlal
Ru
Sif Muna
Trog
Vehumet
Yredelemnul
The Shining One

Annotations:
D:4 1 transporter, Menkaure


Innate Abilities, Weirdness & Mutations

You are small and have problems with some larger weapons.
You are somewhat resistant to further mutation.


Message History

Press: ? - help, Shift-Dir - straight line, f/p - Menkaure
Aim: Menkaure You shoot a sling bullet.
The sling bullet hits Menkaure.
Menkaure is lightly damaged.
Menkaure hits you!!
Ouch! That really hurt!
* * * LOW HITPOINT WARNING * * *
Wield which item (- for none, * to show all)? (? for menu, Esc to quit)
Your +2 spear of flaming bursts into flame!
r - a +2 spear of flaming (weapon)
As you read the scroll labeled ZYDDEF ZUPT, it crumbles to dust.
It is a scroll of amnesia.
You feel forgetful for a moment.
Menkaure sighs, "It doesn't hurt if you pull your brain out of your nose Menkaure misses you.
It was a potion of degeneration.
There was something very wrong with that liquid.
You feel weakened.
You feel dopey.
You feel clumsy. Menkaure hits you!
You die...

#.#####.# ######.#####.#
#.........##.#
####.####.##.##.# ##
#.......#.##.##.#
....###.##.##.#.......#
#........# ####.####
#####.#### #.......##
#@# #........#
........M(....#..#.##..#
....##....(####..#..#..#
.. >.....# #[.##.#..#
.......# #..#..#[.#
#.......# #........#
≈#.......# ####.#####
###.##.#### #.# ...≈.#.
#.#


You could see Menkaure.

Vanquished Creatures
  An ogre (D:4)
  An orc wizard (D:3)
  A worker ant (D:4)
  2 adders (D:3)
  2 worms
  3 dart slugs
  A leopard gecko (D:2)
  7 orcs
  A ball python (D:4)
  4 bats
  5 giant cockroaches
  4 goblins
  4 hobgoblins
  7 jackals (D:1)
  4 kobolds (D:3)
  A quokka (D:2)
  A frilled lizard (D:3)
  4 rats
53 creatures vanquished.

Notes
Turn   | Place    | Note
-------+----------+-------------------------------------------
     0 | D:1      | Folque the Halfling Hunter began the quest for the Orb.
     0 | D:1      | Reached XP level 1. HP: 14/14 MP: 1/1
    98 | D:1      | Reached skill level 6 in Slings
   199 | D:1      | Reached XP level 2. HP: 19/19 MP: 2/2
   415 | D:1      | Reached skill level 1 in Short Blades
   578 | D:1      | Reached XP level 3. HP: 22/24 MP: 3/3
  1734 | D:3      | Reached skill level 1 in Throwing
  1777 | D:3      | Reached XP level 4. HP: 24/29 MP: 4/4
  1953 | D:3      | Found a shadowy altar of Dithmenos.
  2001 | D:3      | Reached XP level 5. HP: 28/34 MP: 5/5
  2440 | D:4      | Found a transporter.
  2516 | D:4      | Found a staircase to the Ecumenical Temple.
  2525 | Temple   | Entered the Ecumenical Temple
  2844 | D:4      | Noticed an ogre
  2872 | D:4      | Killed an ogre
  2872 | D:4      | Reached XP level 6. HP: 40/40 MP: 6/6
  2939 | D:4      | Noticed Menkaure
  2944 | D:4      | HP: 1/41 [Menkaure (21)]
  2947 | D:4      | Mangled by Menkaure

Skill      XL: |  1  2  3  4  5 |
---------------+----------------+-----
Slings         | 6 |  6.9
Fighting       | 2 |  2.4
Short Blades   | 1 |  1.4
Stealth        | 2 3 4 |  4.7
Throwing       | 1 |  1.7
Dodging        | |  2.1

Action                   |  1- 3 |  4- 6 || total
-------------------------+-------+-------++-------
Melee: Short sword       |    68 |       ||    68
       Spear             |    41 |    66 ||   107
 Fire: Hunting sling     |     4 |    33 ||    37
Throw: Stone             |       |     1 ||     1
  Use: Scroll            |     2 |     8 ||    10
       Potion            |       |     4 ||     4
 Stab: Sleeping          |     2 |     1 ||     3
  Eat: Chunk             |     3 |     3 ||     6
Armor: Leather armour    |    30 |     8 ||    38
Dodge: Dodged            |   108 |    35 ||   143
